 Dungeon Crawl Stone Soup version 0.24.0-1-gfbc8707122 (webtiles) character file.

Game seed: 10541668277105044204, levelgen mode: deterministic

28 Heliosone the Skirmisher (level 3, -2/37 HPs)
             Began as an Ogre Arcane Marksman on Oct 27, 2019.
             Slain by a kobold
             ... wielding a +0 whip
              (8 damage)
             ... on level 1 of the Dungeon.
             The game lasted 00:03:46 (1146 turns).

Heliosone the Skirmisher (Ogre Arcane Marksman)     Turns: 1146, Time: 00:03:46

Health: -2/37      AC:  3    Str: 14    XL:     3   Next: 14%
Magic:  4/4        EV: 10    Int: 14    God:
Gold:   63         SH:  0    Dex: 10    Spells: 3/4 levels left

rFire    . . .     SeeInvis .   k - +0 club
rCold    . . .     Gourm    .   (no shield)
rNeg     . . .     Faith    .   a - +0 robe
rPois    .         Spirit   .   (helmet restricted)
rElec    .         Reflect  .   (no cloak)
rCorr    .         Harm     .   (gloves unavailable)
MR       .....                  (boots unavailable)
Stlth    +.........             (no amulet)
HPRegen  0.12/turn              (no ring)
MPRegen  0.09/turn              (no ring)

@: no status effects
A: large, unfitting armour, tough skin 1
a: no special abilities


You were on level 1 of the Dungeon.
You were hungry.

You visited 1 branch of the dungeon, and saw 2 of its levels.

You collected 63 gold pieces.

Inventory:

Hand Weapons
 k - a +0 club (weapon)
Missiles
 c - 3 large rocks (quivered)
 d - 2 throwing nets
Armour
 a - a +0 robe (worn)
Jewellery
 g - an uncursed amulet of rage {unknown}
Scrolls
 h - a scroll of enchant weapon {unknown}
 l - a scroll of teleportation {unknown}
 m - a scroll of remove curse {unknown}
Potions
 e - 5 potions of curing {unknown}
 i - a potion of experience {unknown}
 j - a potion of might {unknown}
 n - a potion of lignification {unknown}
Comestibles
 f - 4 rations


   Skills:
 + Level 3.2 Fighting
 + Level 1.3 Maces & Flails
 - Level 2.0 Throwing
 - Level 1.7 Dodging
 - Level 1.2 Spellcasting
 - Level 2.6 Hexes


You had 3 spell levels left.
You knew the following spells:

 Your Spells              Type           Power        Failure   Level  Hunger
a - Corona                Hex            #......      9%          1    ##.....

Your spell library contained the following spells:

 Spells                   Type           Power        Failure   Level  Hunger
 Slow                     Hex            #.......     13%         2    ###....
 Inner Flame              Hex/Fire       #.......     41%         3    ####...
 Portal Projectile        Hex/Tloc       #.....       41%         3    ####...
 Cause Fear               Hex            #.........   65%         4    #####..
 Leda's Liquefaction      Hex/Erth       #.........   83%         4    #####..


Dungeon Overview and Level Annotations

Branches:
Dungeon (2/15)

Altars:


Innate Abilities, Weirdness & Mutations

You are too large for most types of armour.
You have tough skin. (AC +1)


Message History

The kobold barely misses you.
You feel sick. The kobold hits you with a +0 whip.
* * * LOW HITPOINT WARNING * * *
You feel sick.
You feel sick.
You are no longer poisoned.
Throwing (i - inventory. (/) - cycle)
b - a poisoned dart (quivered)
Press: ? - help, Shift-Dir - straight line, f - kobold
Aim: a kobold, wielding a +0 whip You throw a poisoned dart.
The poisoned dart closely misses the kobold.
The kobold closely misses you.
Throwing (i - inventory. (/) - cycle)
c - 4 large rocks (quivered)
Press: ? - help, Shift-Dir - straight line, f/p - kobold
Aim: a kobold, wielding a +0 whip You throw a large rock.
The large rock closely misses the kobold.
The kobold closely misses you. The kobold hits you with a +0 whip!
You die...

################ ############
...............# #..........#
########....##.####.########.#
............+(.K@....[....>#.#
....####....###.###.#.####.#.#
....# #....# #..##.#.####.#.#
....# ###### ##.##........#.#
....# #.##...######.# ....#
#..#..†# #.#
....#############.#...######.#
....'........................#
....##############.##.########


You could see a kobold.

Vanquished Creatures
  An adder (D:2)
  A giant cockroach (D:1)
  4 goblins (D:1)
  2 hobgoblins (D:1)
  4 jackals (D:1)
  3 bats
  A frilled lizard (D:1)
  A kobold (D:1)
17 creatures vanquished.

Notes
Turn   | Place    | Note
-------+----------+-------------------------------------------
     0 | D:1      | Heliosone the Ogre Arcane Marksman began the quest for the
                  | Orb.
     0 | D:1      | Reached XP level 1. HP: 19/19 MP: 2/2
   380 | D:1      | Reached skill level 2 in Fighting
   507 | D:1      | Reached XP level 2. HP: 26/29 MP: 3/3
  1044 | D:2      | Reached skill level 1 in Maces & Flails
  1083 | D:2      | Reached skill level 3 in Fighting
  1102 | D:2      | Reached XP level 3. HP: 8/37 MP: 4/4
  1146 | D:1      | Slain by a kobold

Levels and vault maps discovered:
D:1:      wander_arrival_fairy_ring, layout_basic
D:2:      layout_basic, serial_forest, infiniplex_forest_clump_long,
          infiniplex_forest_end_3, infiniplex_forest_clump_medium,
          infiniplex_forest_clump_medium, infiniplex_forest_straight_4,
          infiniplex_forest_clump_cross, first_ration, kennysheep_minor_cross,
          minivault_23, serial_bayou_pond_d, minmay_door_square,
          grunt_ministairs_5

Skill      XL: |  1  2 |
---------------+-------+-----
Fighting       | 2 3 |  3.2
Maces & Flails | 1 |  1.3
Throwing       | |  2.0
Dodging        | |  1.7
Spellcasting   | |  1.2
Hexes          | |  2.6

Action                   || total
-------------------------++-------
Melee: Club              ||    40
       Unarmed           ||     3
Throw: Dart              ||    38
       Large rock        ||     1
Armor: Robe              ||    27
Dodge: Dodged            ||    44
